 Dungeon Crawl Stone Soup version 0.21-a0-157-gb89e0e2 (webtiles) character file.

134 Goblin1989 the Sneak (level 4, -3/35 HPs)
             Began as a Demonspawn Assassin on Aug 4, 2017.
             Slain by a leopard gecko (4 damage)
             ... on level 4 of the Dungeon.
             The game lasted 00:09:29 (2333 turns).

Goblin1989 the Sneak (Demonspawn Assassin)          Turns: 2333, Time: 00:09:30

Health: -3/35      AC:  7    Str: 13    XL:     4   Next: 95%
Magic:  4/4        EV:  5    Int: 12    God:
Gold:   29         SH: 13    Dex: 14    Spells: 3/3 levels left

rFire    . . .     SeeInvis .   a - +2 dagger
rCold    . . .     Gourm    .   F - +2 large shield
rNeg     . . .     Faith    .   y - +0 ring mail
rPois    .         Spirit   .   M - +1 hat
rElec    .         Reflect  .   d - +0 cloak
rCorr    .         Harm     .   (no gloves)
MR       .....                  (no boots)
Stlth    ++........             (no amulet)
HPRegen  0.11/turn              (no ring)
MPRegen  0.09/turn              (no ring)

@: hasted (expiring), very quick
A: talons 2
a: no special abilities


You were on level 4 of the Dungeon.
You were hungry.

You visited 1 branch of the dungeon, and saw 4 of its levels.

You collected 29 gold pieces.

Inventory:

Hand Weapons
 a - a +2 dagger (weapon)
 w - a +0 blowgun {@w1}
Missiles
 g - 6 poisoned needles
 J - 34 bolts
 O - 26 sling bullets
 S - 19 stones (quivered)
Armour
 d - a +0 cloak (worn)
 y - a +0 ring mail (worn)
 F - a +2 large shield (worn)
 M - a +1 hat (worn)
Jewellery
 E - a +4 ring of intelligence {unknown}
Wands
 Q - a wand of flame (40/48)
Scrolls
 z - a scroll of immolation {unknown}
 B - 2 scrolls of amnesia {unknown}
 C - 2 scrolls of identify {unknown}
 D - 2 scrolls of teleportation {unknown}
 H - a scroll of enchant weapon {unknown}
 I - a scroll of fog {unknown}
 L - 3 scrolls of random uselessness {unknown}
 R - a scroll of magic mapping {unknown}
Comestibles
 e - a bread ration {@e1}
 G - a royal jelly
 P - a chunk of flesh


   Skills:
 + Level 3.1 Fighting
 - Level 1.7 Short Blades
 - Level 1.7 Throwing
 + Level 1.0 Armour
 - Level 0.8 Dodging
 - Level 3.6 Stealth
 * Level 1.8 Shields
 * Level 2.4 Unarmed Combat


You had 3 spell levels left.
You didn't know any spells.

Dungeon Overview and Level Annotations

Branches:
Dungeon (4/15)
 Temple: D:4-7

Altars:

Annotations:
D:4 exclusion: Menkaure, Menkaure


Innate Abilities, Weirdness & Mutations

You have razor-sharp toenails.


Message History

You take 6 damage, and have 14/34 hp.
You closely miss the bullfrog.
The bullfrog is moderately wounded.
You block the bullfrog's attack.
You closely miss the bullfrog.
The bullfrog is heavily wounded.
You block the bullfrog's attack. The bullfrog barely misses you.
The orc shouts!
You hit the bullfrog. You claw the bullfrog.
The bullfrog is heavily wounded.
You block the bullfrog's attack.
You completely miss the bullfrog.
The bullfrog is severely wounded.
The bullfrog looks more healthy.
You block the bullfrog's attack. The bullfrog barely misses you.
The orc priest looks braver for a moment.
The bullfrog hits you but does no damage.
The bullfrog hits you.
* * * LOW HITPOINT WARNING * * *
You take 1 damage, and have 14/34 hp.
The bullfrog hits you.
* * * LOW HITPOINT WARNING * * *
You take 1 damage, and have 13/34 hp.
You block the bullfrog's attack. You block the bullfrog's attack.
You see here a whip.
There is a stone staircase leading down here.
The bullfrog hits you.
* * * LOW HITPOINT WARNING * * *
The bullfrog barely misses you.
The orc priest calls down the wrath of Beogh upon you.
Beogh smites you!
* * * LOW HITPOINT WARNING * * *
You climb downwards.
A leopard gecko comes into view.
There is a stone staircase leading up here.
You take 13 damage, and have 1/34 hp.
MASSIVE DAMAGE!!
It was a potion of haste.
You feel yourself speed up. The bullfrog barely misses you.
You block the bullfrog's attack.
Found a stone staircase leading up.
A leopard gecko comes into view.
The leopard gecko hisses angrily.
There is a stone staircase leading up here.
You climb upwards.
There is a stone staircase leading down here.
The orc priest looks satisfied for a moment.
You climb downwards.
The bullfrog hits you but does no damage.
There is a stone staircase leading up here.
You block the leopard gecko's attack.
You see here 2 tomahawks.
The leopard gecko hisses angrily.
The leopard gecko bites you but does no damage.
The leopard gecko bites you but does no damage.
Found a stone staircase leading down.
The bullfrog hits you but does no damage.
It was a potion of curing.
You feel better.
You are feeling hungry.
You block the bullfrog's attack.
You regained 6 hp, and now have 9/34 hp.
You hit the bullfrog. Your kick misses the bullfrog.
The bullfrog is almost dead.
You block the bullfrog's attack.
You miss the bullfrog.
The bullfrog is almost dead.
The bullfrog hits you.
* * * LOW HITPOINT WARNING * * *
You take 3 damage, and have 6/34 hp.
You hit the bullfrog. You claw the bullfrog.
The bullfrog is almost dead.
You block the bullfrog's attack.
You closely miss the bullfrog. Your kick misses the bullfrog.
The bullfrog is almost dead.
The bullfrog hits you.
* * * LOW HITPOINT WARNING * * *
You take 5 damage, and have 1/34 hp.
You hit the bullfrog. Your kick misses the bullfrog.
The bullfrog is almost dead.
You block the bullfrog's attack. x2
Unknown command.
Your extra speed is starting to run out.
Marking area around Menkaure as unsafe for travelling.
Menkaure, Prince of Dust comes into view.
You block the bullfrog's attack.
You hit the bullfrog.
You kill the bullfrog!
Your Fighting skill increases to level 3!
Your Armour skill increases to level 1!
The leopard gecko hisses menacingly.
The leopard gecko bites you.
* * * LOW HITPOINT WARNING * * *
You take 1 damage, and have 1/35 hp.
You block the leopard gecko's attack.
Unknown command.
Okay, then.
You hit the leopard gecko. Your kick misses the leopard gecko.
The leopard gecko is moderately wounded.
The leopard gecko bites you.
You die...

...... █>.█
......█ █..█
....... █..█
..M....██ █..█
█..██ █..█
██..█████..█ █
██........██ ...
█ll█████..████..█


█|@█ █.l.<...█ ████ █..████..█ █..█ .█ █..█ ██.█████. ██████.(█.....
█..[........... █.........███.. █....<..███ You could see 2 leopard geckos.

Vanquished Creatures
  A bullfrog (D:4)
  3 adders
  4 bats
  4 giant cockroaches
  5 hobgoblins
  8 jackals
  5 kobolds
  A quokka (D:3)
  A ball python (D:1)
  4 goblins (D:1)
  5 rats
41 creatures vanquished.

Notes
Turn   | Place    | Note
-------+----------+-------------------------------------------
     0 | D:1      | Goblin1989 the Demonspawn Assassin began the quest for the Orb.
     0 | D:1      | Reached XP level 1. HP: 16/16 MP: 1/1
   288 | D:1      | Gained mutation: You have sharp toenails. [demonic ancestry]
   288 | D:1      | Reached XP level 2. HP: 23/23 MP: 2/2
   573 | D:1      | Reached skill level 1 in Unarmed Combat
  1373 | D:2      | Reached XP level 3. HP: 25/28 MP: 3/3
  1595 | D:2      | p0werm0de: salt lake cittty;!
  1595 | D:2      | Goblin1989: hi
  1595 | D:2      | p0werm0de: hello
  1595 | D:2      | Goblin1989: yeah
  1653 | D:2      | p0werm0de: SLC PUNK!
  1655 | D:2      | p0werm0de: check dat out ;D
  1655 | D:2      | Goblin1989: ^)
  1655 | D:2      | Goblin1989: :)
  1680 | D:2      | p0werm0de: great movie
  1738 | D:3      | p0werm0de: man im failtard!!
  1751 | D:3      | p0werm0de: !hs p0werm0de muck
  1751 | D:3      | beem: 254. p0werm0de the Slayer (L27 MuCK of Gozag), escaped with the Orb and 15 runes on 2017-08-04 03:13:02, with 25780429 points after 57835 turns and 5:08:18.
  1751 | D:3      | p0werm0de: ;D
  1751 | D:3      | p0werm0de: missed by like 3-tk turns
  1751 | D:3      | p0werm0de: to get fkn hiscore
  1751 | D:3      | p0werm0de: gozag is bad for this!! ;D
  1751 | D:3      | Goblin1989: Congratulations. :)
  1751 | D:3      | p0werm0de: i need makhleb or ash imo
  1751 | D:3      | p0werm0de: or kiku
  1751 | D:3      | p0werm0de: no is not hiscore !:!!
  1751 | D:3      | p0werm0de: :DDD://
  1753 | D:3      | p0werm0de: !hs * muck
  1754 | D:3      | beem: 17965. xomscumming the Farming Slayer (L27 MuCK of Lugonu), blasted by Maurice (wand of fire) on D:23 on 2011-09-05 16:50:25, with 27000000 points after 478185 turns and 1d+16:21:24.
  1774 | D:3      | Reached skill level 1 in Shields
  2041 | D:3      | Gained mutation: You have razor-sharp toenails. [demonic ancestry]
  2041 | D:3      | Reached XP level 4. HP: 21/34 MP: 4/4
  2261 | D:3      | Noticed a bullfrog
  2262 | D:3      | p0werm0de: ;D
  2266 | D:3      | p0werm0de: +2 daggrr
  2268 | D:3      | p0werm0de: DsAS fkn shit start
  2268 | D:3      | Goblin1989: DsAs
  2270 | D:3      | p0werm0de: with da robe ;D
  2274 | D:3      | p0werm0de: !hs * dsas
  2276 | D:3      | beem: 28897. p0werm0de the Intangible (L27 DsAs of Ashenzari), escaped with the Orb and 15 runes on 2017-07-11 19:55:46, with 31394091 points after 47071 turns and 5:29:19.
  2289 | D:3      | HP: 1/34 [orc priest/divine providence (10)]
  2323 | D:4      | HP: 1/34 [bullfrog (5)]
  2327 | D:4      | Noticed Menkaure
  2328 | D:4      | Goblin1989: lol
  2328 | D:4      | Goblin1989: gg
  2329 | D:4      | Killed a bullfrog
  2329 | D:4      | Reached skill level 1 in Armour
  2330 | D:4      | HP: 1/35 [leopard gecko (1)]
  2333 | D:4      | Slain by a leopard gecko

Vault maps used:
D:1:      mrwooster_arrival_arrow
D:2:      minitemple
D:3:      chequers_ecumenical_altar_simple, first_bread, serial_bayou_ford_a,
          serial_bayou_lagoon_a, serial_bayou_lake_a
D:4:      marbit_many_paths, uniq_eustachio, uniq_menkaure, uniq_duvessa

Skill      XL: |  1  2  3  4 |
---------------+-------------+-----
Unarmed Combat | 1 2 |  2.4
Shields        | 1 |  1.8
Fighting       | 3 |  3.1
Armour         | 1 |  1.0
Short Blades   | |  1.7
Throwing       | |  1.7
Dodging        | |  0.8
Stealth        | |  3.6

Action                   |  1- 3 |  4- 6 || total
-------------------------+-------+-------++-------
Melee: Dagger            |   141 |    12 ||   153
       Kick              |    18 |     2 ||    20
 Fire: Blowgun           |     1 |     3 ||     4
  Use: Potion            |       |     2 ||     2
 Stab: Distracted        |     2 |       ||     2
       Sleeping          |     1 |     1 ||     2
  Eat: Chunk             |     4 |       ||     4
Armor: Robe              |     4 |       ||     4
       Ring mail         |    33 |     6 ||    39
Dodge: Dodged            |    35 |     5 ||    40
Block: Large shield      |    60 |    19 ||    79

Vault maps used:
D:1:      mrwooster_arrival_arrow
D:2:      minitemple
D:3:      chequers_ecumenical_altar_simple, first_bread, serial_bayou_ford_a,
          serial_bayou_lagoon_a, serial_bayou_lake_a
D:4:      marbit_many_paths, uniq_eustachio, uniq_menkaure, uniq_duvessa
